 Dungeon Crawl Stone Soup version 0.27.1-1-g398f81649c (webtiles) character file.

Game seed: 3249767818879160013

142 MisterFreud the Shield-Bearer (level 5, -8/47 HPs)
             Began as a Gnoll Fighter on Sept 9, 2021.
             Was a Follower of Zin.
             Mangled by Sigmund (10 damage)
             ... on level 4 of the Dungeon.
             The game lasted 00:02:55 (2997 turns).

MisterFreud the Shield-Bearer (Gnoll Fighter)       Turns: 2997, Time: 00:02:56

Health: -8/47      AC:  7    Str: 15    XL:     5   Next: 24%
Magic:  7/7        EV:  8    Int:  9    God:    Zin [*.....]
Gold:   83         SH:  0    Dex: 11    Spells: 6/6 levels left

rFire    . . .     SeeInvis .   a - +0 rapier
rCold    . . .     Faith    .   c - +0 kite shield
rNeg     . . .     Spirit   .   b - +0 scale mail
rPois    .         Reflect  .   (no helmet)
rElec    .         Harm     .   (no cloak)
rCorr    .         Rampage  .   (no gloves)
Will     .....                  (no boots)
Stlth    ..........             (no amulet)
HPRegen  0.15/turn              (no ring)
MPRegen  0.10/turn              (no ring)

@: confused
A: fangs 1, strong nose, distributed training
a: Renounce Religion, Recite, Donate Gold


You were on level 4 of the Dungeon.
You worshipped Zin.
Zin was aware of your devotion.
You visited 1 branch of the dungeon, and saw 4 of its levels.

You collected 92 gold pieces.
You donated 9 gold pieces to Zin.

Inventory:

Hand Weapons
 a - a +0 rapier (weapon)
 p - a +0 dagger of venom
Missiles
 h - 8 poisoned darts (quivered)
Armour
 b - a +0 scale mail (worn)
 c - a +0 kite shield (worn)
Scrolls
 f - 2 scrolls of identify {unknown}
 g - 2 scrolls of fear {unknown}
 i - a scroll of enchant armour {unknown}
 j - a scroll of amnesia {unknown}
 l - a scroll of blinking {unknown}
 n - a scroll of vulnerability {unknown}
 o - a scroll of magic mapping {unknown}
 q - a scroll of summoning {unknown}
Potions
 d - a potion of might
 e - a potion of haste {unknown}
 k - a potion of berserk rage {unknown}
 m - a potion of attraction {unknown}


   Skills:
 + Level 6.7 Fighting
 + Level 4.7 Short Blades
 + Level 1.4 Long Blades
 + Level 1.4 Axes
 + Level 1.4 Maces & Flails
 + Level 1.4 Polearms
 + Level 1.4 Staves
 + Level 1.4 Slings
 + Level 1.4 Bows
 + Level 1.4 Crossbows
 + Level 1.4 Throwing
 + Level 6.7 Armour
 + Level 1.4 Dodging
 + Level 1.4 Stealth
 + Level 6.7 Shields
 + Level 1.4 Unarmed Combat
 + Level 1.4 Spellcasting
 + Level 1.1 Conjurations
 + Level 1.1 Hexes
 + Level 1.1 Summonings
 + Level 1.1 Necromancy
 + Level 1.1 Translocations
 + Level 1.1 Transmutations
 + Level 1.1 Fire Magic
 + Level 1.1 Ice Magic
 + Level 1.1 Air Magic
 + Level 1.1 Earth Magic
 + Level 1.1 Poison Magic
 + Level 1.6 Invocations
 + Level 1.4 Evocations


You had 6 spell levels left.
You didn't know any spells.
Your spell library contained the following spells:

 Spells                   Type           Power      Damage    Failure   Level
 Mephitic Cloud           Conj/Pois/Air  2%         N/A       100%        3
 Iron Shot                Conj/Erth      1%         9d1       100%        6
 Storm Form               Tmut/Air       1%         N/A       100%        7


Dungeon Overview and Level Annotations

Branches:
Dungeon (4/15)
 Temple: D:4-7

Altars:
Zin

Annotations:
D:4 Sigmund


Innate Abilities, Weirdness & Mutations

You have very sharp teeth.
Your uncanny sense of smell can sniff out nearby items.
Your experience applies equally to all skills.


Message History

Things that are here:
a +0 scythe; a +0 robe You closely miss the hobgoblin.
The hobgoblin hits you but does no damage.
You block the hobgoblin's attack.
You puncture the hobgoblin!
You kill the hobgoblin!
The hobgoblin hits you from afar with a +0 scythe.
The hobgoblin closely misses you. Something hits you!
Things that are here:
a +0 scythe; a +0 robe You hit the hobgoblin but do no damage.
The hobgoblin hits you with a +0 scythe!
You hit the hobgoblin.
You kill the hobgoblin!
Something hits you.
You hear some strange, mumbled words.
Something tries to affect you, but you resist.
Things that are here:
a +0 scythe; a +0 robe A puff of flame appears from out of thin air!
The puff of flame hits you!
* * * LOW HITPOINT WARNING * * *
You are confused.
You are more confused.
A puff of flame appears from out of thin air!
The puff of flame hits you.
* * * LOW HITPOINT WARNING * * *
You bump into the rock wall.
You bump into the rock wall.
Okay, then.
You bump into the rock wall.
Something hits you.
* * * LOW HITPOINT WARNING * * *
You bump into the rock wall.
Something hits you.
* * * LOW HITPOINT WARNING * * *
Sigmund appears from thin air!
Reactivating autopickup.
Sigmund hits you from afar with a +1 vampiric scythe!
You die...

#.##g.#..#......# #....#......
#.....####......####...........
####g## .............##........
#.# .........######...#.### #.#
..........##...........
#.###########..##.##.###.###
#....))g.g@.#..##.##... ...
###########.#..##.#......#.#
#.....@......#.##.#.#.#
#............#. +# #
#............#. #............#
#.....#......# ###.......##.#
..###.....>.. ##. #........ ∆


You could see Sigmund.

Vanquished Creatures
  Jessica (D:2)
  Robin (D:3)
  A gnoll (D:1)
  3 adders
  A worm (D:2)
  An orc (D:3)
  6 ball pythons
  4 bats
  4 endoplasms
  2 giant cockroaches
  12 goblins
  7 hobgoblins
  8 jackals
  A quokka (D:3)
  6 frilled lizards
  3 kobolds
  A rat (D:1)
62 creatures vanquished.

Vanquished Creatures (others)
  3 plants (D:3)
3 creatures vanquished.

Grand Total: 65 creatures vanquished

Notes
Turn   | Place    | Note
-------+----------+-------------------------------------------
     0 | D:1      | MisterFreud the Gnoll Fighter began the quest for the Orb.
     0 | D:1      | Reached XP level 1. HP: 23/23 MP: 1/1
    43 | D:1      | Reached XP level 2. HP: 25/29 MP: 2/2
   447 | D:1      | Reached XP level 3. HP: 33/35 MP: 3/3
   628 | D:1      | Found a faded altar of an unknown god.
   636 | D:1      | Became a worshipper of Zin the Law-Giver
   636 | D:1      | Reached * piety under Zin
  1060 | D:2      | Reached skill level 1 in Invocations
  1124 | D:2      | Reached skill level 1 in Long Blades
  1124 | D:2      | Reached skill level 1 in Axes
  1124 | D:2      | Reached skill level 1 in Maces & Flails
  1124 | D:2      | Reached skill level 1 in Polearms
  1124 | D:2      | Reached skill level 1 in Staves
  1124 | D:2      | Reached skill level 1 in Slings
  1124 | D:2      | Reached skill level 1 in Bows
  1124 | D:2      | Reached skill level 1 in Crossbows
  1124 | D:2      | Reached skill level 1 in Throwing
  1124 | D:2      | Reached skill level 1 in Dodging
  1124 | D:2      | Reached skill level 1 in Stealth
  1124 | D:2      | Reached skill level 1 in Unarmed Combat
  1124 | D:2      | Reached skill level 1 in Spellcasting
  1124 | D:2      | Reached skill level 1 in Evocations
  1260 | D:2      | Reached XP level 4. HP: 34/41 MP: 5/5
  1507 | D:2      | Noticed Jessica
  1514 | D:2      | Killed Jessica
  1515 | D:2      | Reached skill level 1 in Conjurations
  1515 | D:2      | Reached skill level 1 in Hexes
  1515 | D:2      | Reached skill level 1 in Summonings
  1515 | D:2      | Reached skill level 1 in Necromancy
  1515 | D:2      | Reached skill level 1 in Translocations
  1515 | D:2      | Reached skill level 1 in Transmutations
  1515 | D:2      | Reached skill level 1 in Fire Magic
  1515 | D:2      | Reached skill level 1 in Ice Magic
  1515 | D:2      | Reached skill level 1 in Air Magic
  1515 | D:2      | Reached skill level 1 in Earth Magic
  1515 | D:2      | Reached skill level 1 in Poison Magic
  2261 | D:3      | Noticed Robin
  2280 | D:3      | Killed Robin
  2281 | D:3      | Reached XP level 5. HP: 44/47 MP: 5/7
  2940 | D:4      | Got the Collected Works on Arcane Weapons and
                  | Transformation
  2958 | D:4      | Noticed Sigmund
  2995 | D:4      | HP: 2/47 [something (3)]
  2997 | D:4      | Mangled by Sigmund

Illustrated notes

Levels and vault maps discovered:
D:1:      evilmike_arrival_grusome_pit, layout_loops_ring,
          shapermc_ecumenical_altar_pompeii, minmay_misc_feat_diagonals,
          minmay_surrounded
D:2:      layout_basic, uniq_jessica
D:3:      layout_loops_corners, guppyfry_early_lair_pool, uniq_robin
D:4:      layout_basic, sigmund_army

Skill      XL: |  1  2  3  4 |
---------------+-------------+-----
Invocations    | 1 |  1.6
Long Blades    | 1 |  1.4
Axes           | 1 |  1.4
Maces & Flails | 1 |  1.4
Polearms       | 1 |  1.4
Staves         | 1 |  1.4
Slings         | 1 |  1.4
Bows           | 1 |  1.4
Crossbows      | 1 |  1.4
Throwing       | 1 |  1.4
Dodging        | 1 |  1.4
Stealth        | 1 |  1.4
Unarmed Combat | 1 |  1.4
Spellcasting   | 1 |  1.4
Evocations     | 1 |  1.4
Conjurations   | 1 |  1.1
Hexes          | 1 |  1.1
Summonings     | 1 |  1.1
Necromancy     | 1 |  1.1
Translocations | 1 |  1.1
Transmutations | 1 |  1.1
Fire Magic     | 1 |  1.1
Ice Magic      | 1 |  1.1
Air Magic      | 1 |  1.1
Earth Magic    | 1 |  1.1
Poison Magic   | 1 |  1.1
Fighting       | |  6.7
Short Blades   | |  4.7
Armour         | |  6.7
Shields        | |  6.7

Action                   |  1- 3 |  4- 6 || total
-------------------------+-------+-------++-------
Melee: Rapier            |   123 |    98 ||   221
       Bite              |    11 |     8 ||    19
Armor: Scale mail        |    53 |    32 ||    85
Dodge: Dodged            |    39 |    31 ||    70
Block: Kite shield       |    53 |    57 ||   110
